 Dungeon Crawl Stone Soup version 0.27-a0-1334-g2746e35aca (webtiles) character file.

Game seed: 4172196929761869860

48 hilljack the Digger (level 3, -3/19 HPs)
             Began as a Gargoyle Earth Elementalist on June 26, 2021.
             Slain by a gnoll (8 damage)
             ... on level 2 of the Dungeon.
             The game lasted 00:03:42 (1993 turns).

hilljack the Digger (Gargoyle Earth Elementalist)   Turns: 1993, Time: 00:03:42

Health: -3/19      AC:  6    Str: 11    XL:     3   Next: 72%
Magic:  2/6        EV: 11    Int: 16    God:
Gold:   48         SH:  0    Dex: 10    Spells: 6/7 levels left

rFire    . . .     SeeInvis .   i - +0 halberd (vamp)
rCold    . . .     Faith    .   (shield currently unavailable)
rNeg     + . .     Spirit   .   d - +0 leather armour
rPois    ∞         Reflect  .   (no helmet)
rElec    +         Harm     .   (no cloak)
rCorr    .         Rampage  .   (no gloves)
Will     .....                  (no boots)
Stlth    ++........             (no amulet)
HPRegen  0.06/turn              (no ring)
MPRegen  0.10/turn              (no ring)

@: no status effects
A: sickness immunity, AC +3, negative energy resistance 1, electricity
resistance, torment resistance 1, petrification resistance
a: no special abilities


You were on level 2 of the Dungeon.
You visited 1 branch of the dungeon, and saw 2 of its levels.

You collected 48 gold pieces.

Inventory:

Hand Weapons
 b - a +0 flail
 h - a +0 whip
 i - a +0 vampiric halberd (weapon)
Missiles
 c - 44 stones
 f - 16 sling bullets
Armour
 a - a scarf of harm
 d - a +0 leather armour (worn)
Potions
 e - a potion of heal wounds {unknown}
 g - a potion of flight {unknown}


   Skills:
 + Level 0.5 Armour
 + Level 2.0 Dodging
 - Level 2.1 Stealth
 + Level 2.5 Spellcasting
 - Level 0.7 Transmutations
 * Level 4.6 Earth Magic


You had 6 spell levels left.
You knew the following spells:

 Your Spells              Type           Power      Damage    Failure   Level
a - Sandblast             Erth           32%        2d9       4%          1

Your spell library contained the following spells:

 Spells                   Type           Power      Damage    Failure   Level
 Passwall                 Tmut/Erth      8%         N/A       13%         2
 Stone Arrow              Conj/Erth      18%        3d8       30%         3
 Vampiric Draining        Necr           1%         2d6       61%         3
 Petrify                  Tmut/Erth      10%        N/A       65%         4
 Lee's Rapid Deconstruct  Erth           8%         3d8*      73%         5
 Animate Dead             Necr           1%         N/A       95%         4
 Borgnjor's Vile Clutch   Necr/Erth      4%         N/A       95%         5
 Simulacrum               Ice/Necr       1%         N/A       100%        6
 Sublimation of Blood     Necr           Unusable   N/A       N/A         2

Dungeon Overview and Level Annotations

Branches:
Dungeon (2/15)

Altars:

Shops:
D:1 [


Innate Abilities, Weirdness & Mutations

You are immune to sickness and miasma.
Your stone body is resilient. (AC +3)
You are immune to poison.
You resist negative energy. (rN+)
You are resistant to electric shocks. (rElec)
You are resistant to unholy torment.
You are immune to petrification.


Message History

The jackal closely misses you.
Things that are here:
a +0 vampiric halberd; a +0 club; a gnoll corpse
i - a +0 vampiric halberd The jackal bites you but does no damage.
The jackal barely misses you.
You feel a sense of dread.
i - a +0 vampiric halberd (weapon)
The jackal bites you.
You closely miss the jackal.
The jackal bites you but does no damage. x2
You barely miss the jackal.
The jackal bites you but does no damage. x2
You hit the jackal.
You feel better.
The jackal is almost dead.
The jackal barely misses you. The jackal bites you.
You closely miss the jackal.
The jackal is almost dead.
The jackal closely misses you. The jackal barely misses you.
You puncture the jackal!
You feel better.
You kill the jackal!
There is a stone staircase leading down, spattered with blood here.
You climb downwards.
There is a stone staircase leading up here.
The blast of sand hits the gnoll.
The gnoll is lightly wounded.
The jackal barks!
You hear an angry hiss.
The blast of sand hits the gnoll but does no damage.
The gnoll is lightly wounded.
The gnoll hits you from afar with a +0 halberd!
The blast of sand hits the gnoll.
The gnoll is moderately wounded.
The gnoll closely misses you.
The blast of sand hits the gnoll!
The gnoll is almost dead.
The gnoll hits you from afar with a +0 halberd!
* * * LOW HITPOINT WARNING * * *
The jackal barely misses you.
The gnoll hits you from afar with a +0 halberd!
You die...

#g#### #.#### #g...#### #....#
#.#####.. #.##g# #####g#####.#
.#.#....
#...g.#...#.#####.#.#....#
####g#####...#.##....###..g.#
.........+...+g...g.h........
#.##.#####...#.##)##..##......
#.##†..g.gg.##.#@h.............
#.####.#.##.##g##)###..## #.#
#.#.##..g....# # ..#
....##..#.#..# #.#
#..#.##..#.#..# ...
.........#.#..#
............#..#
............#.## ............


You could see a gnoll and a jackal.

Vanquished Creatures
  A gnoll (D:1)
  A dart slug (D:1)
  3 ball pythons
  A giant cockroach (D:2)
  4 goblins
  2 hobgoblins
  8 jackals
  2 kobolds (D:1)
  A quokka (D:1)
  2 bats (D:1)
  A frilled lizard (D:1)
  7 rats
33 creatures vanquished.

Notes
Turn   | Place    | Note
-------+----------+-------------------------------------------
     0 | D:1      | hilljack the Gargoyle Earth Elementalist began the quest
                  | for the Orb.
     0 | D:1      | Reached XP level 1. HP: 10/10 MP: 3/3
   139 | D:1      | Found Ineufrawn's Armour Boutique.
   157 | D:1      | Reached skill level 4 in Earth Magic
   157 | D:1      | Reached XP level 2. HP: 15/15 MP: 1/5
   318 | D:1      | Found a faded altar of an unknown god.
   830 | D:1      | Identified the Compendium of the Unholy Frostbite
  1112 | D:1      | Reached XP level 3. HP: 19/19 MP: 0/6
  1993 | D:2      | Slain by a gnoll

Illustrated notes

Levels and vault maps discovered:
D:1:      dpeg_arrival_ratfight, layout_loops_ring, serial_shops,
          nicolae_square_shop, chequers_ecumenical_altar_island
D:2:      layout_basic

Skill      XL: |  1  2  3 |
---------------+----------+-----
Earth Magic    | 4 |  4.6
Dodging        | 2 |  2.0
Armour         | |  0.5
Stealth        | |  2.1
Spellcasting   | |  2.5
Transmutations | |  0.7

Action                   || total
-------------------------++-------
Melee: Club              ||    45
       Flail             ||    27
       Halberd           ||     5
       Whip              ||     2
 Cast: Sandblast         ||    29
  Use: Scroll            ||     3
 Stab: Sleeping          ||     1
Armor: Leather armour    ||    72
Dodge: Dodged            ||    92

Table legend: (Time is in decaauts)
 A = Elapsed time spent in this place.
 B = Non-inter-level travel time spent in this place.
 C = Inter-level travel time spent in this place.
 D = Time resting spent in this place.
 E = Time spent auto-exploring this place.
 F = Levels seen in this place.
 G = Mean time per level.
                   A        B        C        D        E       F      G
               +--------+--------+--------+--------+--------+-----+--------+
         Total |   2023 |   1982 |     41 |    806 |    848 |   2 | 1011.5 |
       Dungeon |   2023 |   1982 |     41 |    806 |    848 |   2 | 1011.5 |
               +--------+--------+--------+--------+--------+-----+--------+

Top non-repeatable levels by time:
     D:1: 1739 daAuts
     D:2: 283 daAuts
